 Dungeon Crawl Stone Soup version 0.29.1-1-gd02db6906a (webtiles) character file.

Game seed: 1150897893298870111

364053 sanboga the Axe Maniac (level 21, 0/157 (199) HPs)
             Began as a Minotaur Monk on Oct 13, 2022.
             Was the Champion of Hepliaklqana.
             Killed from afar by a shadow dragon (50 damage)
             ... with a bolt of negative energy
             ... on level 5 of the Vaults on Oct 16, 2022.
             The game lasted 01:09:30 (51733 turns).

sanboga the Axe Maniac (Minotaur Monk)             Turns: 51733, Time: 01:09:31

HP:   0/157 (199)   AC: 50    Str: 35    XL:     21   Next: 55%
MP:   20/20         EV:  8    Int: 10    God:    Hepliaklqana [******]
Gold: 217           SH: 25    Dex: 14    Spells: 20/20 levels left

rFire   + + .      SeeInvis .   a - +2 broad axe (freeze)
rCold   . . .      Faith    .   x - +0 tower shield
rNeg    . . .      Spirit   .   m - +8 orange crystal plate armour {Archmagi, Int+3 Clar}
rPois   +          Reflect  +   (helmet restricted)
rElec   +          Harm     +   e - +2 cloak {rCorr}
rCorr   +          Rampage  .   z - +2 pair of gloves {Str+3}
Will    +....      Archmagi +   k - +1 pair of boots "Yfisec" {Harm rPois rF++ Stlth-}
Stlth   .......... Clarity  +   i - amulet of reflection
HPRegen 0.36/turn               I - ring "Woysch" {Fly Str+6}
MPRegen 0.17/turn               P - ring of Gaapeico {Fly rElec rPois}

@: flying, heavily drained
A: reduced essence, horns 2, retaliatory headbutt
}: 2/15 runes: barnacled, gossamer
a: Renounce Religion, Recall Ancestor, Ancestor Identity, Transference, Idealise


You were on level 5 of the Vaults.
You worshipped Hepliaklqana.
Hepliaklqana was exalted by your worship.
You visited 7 branches of the dungeon, and saw 36 of its levels.
You also visited: Sewer and Desolation.

You collected 5329 gold pieces.
You spent 5112 gold pieces at shops.

Inventory:

Hand Weapons
 a - a +2 broad axe of freezing (weapon)
 b - a +0 broad axe of freezing
Armour
 e - a +2 cloak of preservation (worn)
 k - the +1 pair of boots "Yfisec" (worn) {Harm rPois rF++ Stlth-}
   (You acquired it on level 5 of the Lair of Beasts)

   rF:        It greatly protects you from fire.
   rPois:     It protects you from poison.
   Harm:      It increases damage dealt and taken.
   Stlth:     It makes you less stealthy.
 m - the +8 orange crystal plate armour (worn) {Archmagi, Int+3 Clar}
   (You bought it in a shop on level 2 of the Orcish Mines)

   Int:       It affects your intelligence (+3).
   Clar:      It protects you against confusion.
 x - a +0 tower shield (worn)
 z - a +2 pair of gloves of strength (worn)
Jewellery
 f - a ring of protection from fire
 i - an amulet of reflection (around neck)
 C - a ring of protection from cold
 I - the ring "Woysch" (left hand) {Fly Str+6}
   (You found it in the Desolation of Salt)

   [ring of flight]

   Str:       It affects your strength (+6).
   Fly:       It grants you flight.
 N - a ring of protection from cold
 O - a ring of protection from fire
 P - the ring of Gaapeico (right hand) {Fly rElec rPois}
   (You found it in the Desolation of Salt)

   [ring of poison resistance]

   rElec:     It insulates you from electricity.
   rPois:     It protects you from poison.
   Fly:       It grants you flight.
Wands
 q - a wand of light (4)
 A - a wand of paralysis (18)
 B - a wand of polymorph (25)
 G - a wand of mindburst (16)
 L - a wand of iceblast (15)
 M - a wand of flame (33)
Scrolls
 j - a scroll of silence
 l - 7 scrolls of fog
 o - 3 scrolls of magic mapping
 p - 6 scrolls of enchant weapon
 r - a scroll of poison
 s - 3 scrolls of summoning
 t - 5 scrolls of enchant armour
 u - 9 scrolls of blinking
 w - 6 scrolls of fear
 D - 18 scrolls of teleportation
Potions
 c - 14 potions of ambrosia
 d - 6 potions of heal wounds
 g - 7 potions of mutation
 h - 3 potions of might
 n - 17 potions of curing
 v - 6 potions of haste
 E - 5 potions of resistance
 J - 2 potions of invisibility
 K - 4 potions of cancellation


   Skills:
 + Level 26.5 Fighting
 O Level 27 Axes
 + Level 26.0 Armour
 - Level 3.2 Dodging
 - Level 1.5 Stealth
 * Level 17.4 Shields


You had 20 spell levels left.
You didn't know any spells.
Your spell library contained the following spells:

 Spells                   Type           Power      Damage    Failure   Level
 Apportation              Tloc           0%         N/A       99%         1
 Foxfire                  Conj/Fire      0%         2x1d4     99%         1
 Magic Dart               Conj           0%         1d3       99%         1
 Necrotise                Necr           0%         1d4       99%         1
 Sandblast                Erth           0%         2d4       99%         1
 Summon Small Mammal      Summ           0%         N/A       99%         1
 Blink                    Tloc           0%         N/A       100%        2
 Ensorcelled Hibernation  Hex/Ice        0%         N/A       100%        2
 Passwall                 Tmut/Erth      0%         N/A       100%        2
 Poisonous Vapours        Pois/Air       0%         N/A       100%        2
 Searing Ray              Conj           0%         2d4       100%        2
 Static Discharge         Conj/Air       0%         3-3/arc   100%        2
 Call Canine Familiar     Summ           0%         N/A       100%        3
 Conjure Flame            Conj/Fire      0%         6-21      100%        3
 Dazzling Flash           Conj/Hex       0%         N/A       100%        3
 Gell's Gravitas          Tloc           0%         N/A       100%        3
 Ignite Poison            Fire/Tmut/Pois 0%         N/A       100%        3
 Inner Flame              Hex/Fire       0%         N/A       100%        3
 Lesser Beckoning         Tloc           0%         N/A       100%        3
 Spider Form              Tmut/Pois      0%         N/A       100%        3
 Summon Guardian Golem    Hex/Summ       0%         N/A       100%        3
 Swiftness                Air            0%         N/A       100%        3
 Teleport Other           Tloc           0%         N/A       100%        3
 Tukima's Dance           Hex            0%         N/A       100%        3
 Anguish                  Hex/Necr       0%         N/A       100%        4
 Cause Fear               Hex            0%         N/A       100%        4
 Corpse Rot               Necr/Pois/Air  0%         N/A       100%        4
 Dispel Undead            Necr           0%         3d6       100%        4
 Flame Wave               Conj/Fire      0%         2d4       100%        4
 Fulminant Prism          Conj/Hex       0%         3d6       100%        4
 Ice Form                 Ice/Tmut       0%         N/A       100%        4
 Iskenderun's Mystic Bla  Conj/Tloc      0%         2d3       100%        4
 Leda's Liquefaction      Hex/Erth       0%         N/A       100%        4
 Olgreb's Toxic Radiance  Pois           0%         N/A       100%        4
 Sticky Flame             Conj/Fire      0%         2d3       100%        4
 Summon Ice Beast         Ice/Summ       0%         N/A       100%        4
 Summon Lightning Spire   Summ/Air       0%         N/A       100%        4
 Alistair's Intoxication  Tmut/Pois      0%         N/A       100%        5
 Freezing Cloud           Conj/Ice/Air   0%         6-21      100%        5
 Lee's Rapid Deconstruct  Erth           0%         3d5*      100%        5
 Manifold Assault         Tloc           0%         N/A       100%        5
 Metabolic Englaciation   Hex/Ice        0%         N/A       100%        5
 Summon Forest            Summ/Tloc      0%         N/A       100%        5
 Summon Mana Viper        Hex/Summ       0%         N/A       100%        5
 Conjure Ball Lightning   Conj/Air       0%         3x3d6     100%        6
 Death Channel            Necr           0%         N/A       100%        6
 Iron Shot                Conj/Erth      0%         9d1       100%        6
 Simulacrum               Ice/Necr       0%         N/A       100%        6
 Starburst                Conj/Fire      0%         6d3       100%        6
 Statue Form              Tmut/Erth      0%         N/A       100%        6
 Summon Cactus Giant      Summ           0%         N/A       100%        6
 Orb of Destruction       Conj           0%         9d5       100%        7
 Ozocubu's Refrigeration  Ice            0%         4d7       100%        7
 Spellforged Servitor     Conj/Summ      0%         N/A       100%        7
 Storm Form               Tmut/Air       0%         N/A       100%        7
 Discord                  Hex            0%         N/A       100%        8
 Ignition                 Fire           0%         3d3       100%        8
 Necromutation            Tmut/Necr      0%         N/A       100%        8
 Polar Vortex             Ice            0%         N/A       100%        9


Dungeon Overview and Level Annotations

Branches:
Dungeon (15/15)            Temple (1/1) D:6            Lair (5/5) D:11
 Shoals (4/4) Lair:3       Spider (4/4) Lair:2        Slime (0/5) Lair:4
    Orc (2/2) D:9             Elf (0/3) Orc:2        Vaults (5/5) D:14
  Crypt (0/3) Vaults:3     Depths (0/4) D:15          Sewer (visited)
Desolation (visited)

Altars:
Ashenzari
Cheibriados
Dithmenos
Elyvilon
Fedhas
Hepliaklqana
Kikubaaqudgha
Makhleb
Nemelex Xobeh
Okawaru
Qazlal
Sif Muna
Trog
Uskayaw
Vehumet
Wu Jian
Xom
Yredelemnul
The Shining One
Jiyva

Shops:
D:4 *   D:12 *   D:13 !   Orc:2 [[[*   Shoals:1 *   Vaults:1 ?   Vaults:3 :

Portals:
Trove: D:15 (give 11 potions of heal wounds)


Innate Abilities, Weirdness & Mutations

Your life essence is reduced to manifest your ancestor. (-10% HP)
You have a pair of horns on your head.
You reflexively headbutt those who attack you in melee.


Message History

The bolt of negative energy hits Yolonda.
Yolonda completely resists.
Yolonda gestures at the shadow dragon while chanting.
The shadow dragon resists with almost no effort.
Items here: ))) [[ ††.
You hit the shadow dragon.
The shadow dragon is lightly wounded.
The shadow dragon bites you!
The shadow dragon claws you but does no damage.
You block the shadow dragon's attack.
You slice the shadow dragon!! You freeze the shadow dragon.
The shadow dragon is moderately wounded.
Yolonda casts a spell.
Yolonda seems to speed up.
You closely miss the shadow dragon.
You headbutt the shadow dragon, but do no damage.
The shadow dragon is moderately wounded.
The shadow dragon bites you but does no damage.
The shadow dragon claws you!
The shadow dragon completely misses you.
Yolonda gestures at the shadow dragon while chanting.
The shadow dragon resists with almost no effort.
You hit the shadow dragon but do no damage.
The shadow dragon is moderately wounded.
The shadow dragon breathes negative energy at you.
The bolt of negative energy hits you!!
You feel drained.
The shadow dragon breathes negative energy at you.
The bolt of negative energy hits you!
You feel drained.
* * * LOW HITPOINT WARNING * * *
Yolonda hits the shadow dragon but does no damage.
Yolonda gestures wildly while chanting.
The shadow dragon easily resists.
The shadow dragon resists with almost no effort.
The iron dragon resists with almost no effort.
You are too injured to fight recklessly!
The shadow dragon breathes negative energy at you.
The bolt of negative energy hits you but does no damage.
The shadow dragon breathes negative energy at you.
The bolt of negative energy hits you!!!
You feel drained.
You die...

#....#.....
#....#....
+##...)#....
#..$.......
######.....[..#####
...................
.........<<........
........<[[<.......
.......[@<<........
#####D.)[)....####
.......R[[).......
.......#.[.DD......
#####..#....#..####
#..#....#..#
#..#....#..#
#..#....# .#
#..#....#


You could see the friendly Yolonda the hexer (fast), 2 shadow dragons and an
iron dragon.

Vanquished Creatures
  A dread lich (Vaults:4)
  Frederick (Vaults:2)
  Nikola (Vaults:1)
  Jorgrun (Spider:1)
  A lich (Vaults:5)
  2 tentacled monstrosities
  A titan (Vaults:4)
  Asterion (Vaults:1)
  2 quicksilver dragons
  7 sphinxes
  A tengu reaver (Vaults:5)
  9 vault wardens
  Louise (D:14)
  3 fire giants
  An orc warlord (Vaults:1)
  4 emperor scorpions
  2 imperial myrmidons (Desolation)
  A war gargoyle (Vaults:4)
  7 ironbound thunderhulks
  7 broodmothers (Spider:4)
  11 ironbound preservers
  9 very ugly things
  A stone giant (Vaults:5)
  6 dire elephants
  A halazid warlock (Desolation)
  7 entropy weavers
  An ettin (Vaults:4)
  Snorg (D:13)
  7 ragged hierophants (Desolation)
  Josephine (D:13)
  6 merfolk impalers
  A jiangshi (Vaults:3)
  2 crystal guardians
  4 merfolk javelineers
  10 servants of whispers (Desolation)
  5 yaktaur captains
  Fannar (Lair:3)
  4 great orbs of eyes
  A quicksilver dragon skeleton (D:15)
  24 vault guards
  An alligator snapping turtle (Shoals:2)
  12 peacekeepers
  5 hydras
  6 boulder beetles
  A jorogumo (Spider:4)
  10 ironbound frosthearts
  A catoblepas (Lair:5)
  2 merfolk avatars
  3 merfolk aquamancers (Shoals:1)
  4 two-headed ogres
  10 centaur warriors
  A satyr (Shoals:3)
  17 death yaks
  7 radroaches
  A deep troll shaman (Lair:5)
  Urug (D:13)
  2 tengu warriors
  A vampire mage (D:15)
  5 orc high priests (Orc:2)
  Nergalle (Lair:1)
  3 skeletal warriors
  A fire crab (shapeshifter) (Spider:1)
  9 pharaoh ants
  7 steelbarb worms
  2 glowing orange brains
  10 sea snakes
  33 deep trolls
  2 wizards (Vaults:2)
  7 orb spiders
  12 ironbound convokers
  3 phantasmal warriors
  3 necromancers
  8 lindwurms
  Pikel (D:5)
  27 harpies
  3 deep elf pyromancers
  10 wolf spiders
  25 ugly things
  17 orc knights
  10 manticores
  13 fauns
  9 cyclopes
  11 merfolk sirens
  4 elephants
  5 moths of wrath
  Maurice (D:8)
  Joseph (D:7)
  9 guardian serpents (Desolation)
  17 vault sentinels
  8 water nymphs
  5 black mambas
  A gargoyle (D:11)
  8 cane toads
  4 torpor snails
  5 komodo dragons
  2 rime drakes
  32 yaktaurs
  4 kobold demonologists
  7 demonic crawlers
  2 human skeletons
  A guardian mummy (D:15)
  2 tengu conjurers
  A spriggan skeleton (D:15)
  4 polar bears
  6 trolls
  24 merfolk
  A hexer (Vaults:5)
  4 meliai
  A queen bee (Lair:1)
  5 snapping turtles
  29 tarantellas
  A hornet (D:8)
  9 wind drakes
  An ettin zombie (D:15)
  81 saltlings (Desolation)
  20 blink frogs
  A spriggan zombie (D:15)
  11 dream sheep
  46 slime creatures
  2 shadows (D:7)
  20 jumping spiders
  7 wraiths
  36 culicivoras
  12 water elementals
  5 basilisks
  Eustachio (D:6)
  6 wyverns
  27 yaks
  A vampire mosquito (Spider:4)
  51 redbacks
  Menkaure (D:6)
  A human zombie (Vaults:2)
  6 wargs (Orc:2)
  Duvessa (D:6)
  8 water moccasins
  2 acid dragons
  An ogre skeleton (Vaults:2)
  22 orc warriors
  3 ice beasts
  3 black bears
  A sky beast (D:7)
  6 centaurs
  5 ogres
  4 boggarts (Vaults:3)
  18 wolves
  The ghost of RascalDebosk the Magician, an amateur DjCj of Ashenzari (D:4)
  4 gnoll sergeants
  7 kobold brigands
  12 bullfrogs
  5 scorpions
  4 necrophages (Lair:2)
  6 wights
  A glowing shapeshifter simulacrum (Vaults:3)
  Dowan (D:6)
  20 killer bees
  8 electric eels
  3 howler monkeys
  3 hounds (D:5)
  23 orc priests
  A hell rat (D:11)
  4 iguanas
  21 orc wizards
  18 adders
  21 gnolls
  11 river rats
  A shadow imp (D:8)
  2 white imps (D:6)
  3 ufetubi
  A worm (D:4)
  87 orcs
  10 ball pythons
  7 endoplasms
  3 giant cockroaches
  5 goblins
  5 hobgoblins
  7 jackals
  4 quokkas
  6 bats
  6 frilled lizards
  21 kobolds
  14 rats
  A plant (Shoals:4)
1444 creatures vanquished.

Vanquished Creatures (collateral kills)
  A sphinx (Vaults:4)
  Ilsuiw (Shoals:3)
  2 imperial myrmidons (Desolation)
  A vault warden (Vaults:5)
  2 orc warlords (Vaults:2)
  3 ironbound preservers (Vaults:2)
  An ironbound thunderhulk (Vaults:2)
  2 very ugly things
  A dire elephant (Vaults:1)
  2 merfolk impalers
  A crystal guardian (Desolation)
  A catoblepas (Lair:4)
  2 ragged hierophants (Desolation)
  A servant of whispers (Desolation)
  A jorogumo (Spider:1)
  A radroach (Spider:3)
  A vault guard (Vaults:5)
  2 hydras (Lair:2)
  3 peacekeepers
  3 merfolk avatars
  An ogre mage (D:14)
  An ironbound frostheart (Vaults:3)
  3 two-headed ogres
  A satyr (Shoals:4)
  Erica (Lair:1)
  2 centaur warriors
  A tengu warrior (D:13)
  3 death yaks (Lair:1)
  A soul eater (Vaults:3)
  A sun moth (Spider:1)
  4 deep trolls
  2 steelbarb worms (Spider:4)
  4 orb spiders
  2 sea snakes
  A phantasmal warrior (Vaults:5)
  A lindwurm (Vaults:2)
  A necromancer (Vaults:3)
  A harpy (Shoals:2)
  4 orc knights
  2 ironbound convokers (Desolation)
  A wolf spider (Spider:1)
  A fire giant zombie (Vaults:3)
  4 manticores
  2 ugly things
  2 elephants
  3 merfolk sirens
  A moth of wrath (Spider:4)
  2 vault sentinels (Vaults:2)
  4 water nymphs
  2 cane toads (Lair:3)
  An unseen horror (D:12)
  2 yaktaurs (Vaults:4)
  3 demonic crawlers
  A troll (D:12)
  2 tarantellas (Spider:2)
  5 merfolk
  7 slime creatures
  4 dream sheep
  2 blink frogs
  2 snapping turtles
  10 saltlings (Desolation)
  3 jumping spiders
  3 culicivoras
  A shadow (D:11)
  A water elemental (Shoals:1)
  2 yaks
  A basilisk (Lair:3)
  4 redbacks
  3 water moccasins
  4 orc warriors
  A wolf (Lair:3)
  A centaur (D:13)
  3 human skeletons
  A kobold brigand (D:12)
  2 gnoll sergeants (D:10)
  A bullfrog (Lair:1)
  A necrophage (Lair:2)
  10 killer bees
  2 electric eels (D:9)
  A howler monkey (D:9)
  6 orc priests
  3 orc wizards
  2 gnolls
  12 orcs
  8 kobolds
206 creatures vanquished.

Vanquished Creatures (others)
  A merfolk impaler (Shoals:4)
  A ragged hierophant (Desolation)
  A merfolk avatar (Shoals:4)
  A merfolk aquamancer (Shoals:4)
  A merfolk siren (Shoals:4)
  A saltling (Desolation)
  26 hexers
  A kobold (D:13)
  20 fungi
  125 plants
  14 withered plants
192 creatures vanquished.

Grand Total: 1842 creatures vanquished

Notes
Turn   | Place    | Note
-------+----------+-------------------------------------------
     0 | D:1      | sanboga the Minotaur Monk began the quest for the Orb.
     0 | D:1      | Reached XP level 1. HP: 19/19 MP: 0/0
   374 | D:1      | Reached skill level 4 in Axes
   383 | D:1      | Reached XP level 2. HP: 27/27 MP: 1/1
   654 | D:1      | Reached skill level 1 in Armour
   929 | D:2      | Found a faded altar of an unknown god.
   938 | D:2      | Got Plato's Incunable of Clay
  1061 | D:2      | Reached XP level 3. HP: 28/33 MP: 2/2
  1761 | D:3      | Reached skill level 5 in Axes
  1761 | D:3      | Reached XP level 4. HP: 29/41 MP: 3/3
  2386 | D:3      | Reached XP level 5. HP: 47/47 MP: 4/4
  2619 | D:4      | Reached skill level 6 in Axes
  2691 | D:4      | Found Minege's Assorted Antiques.
  2696 | D:4      | Bought a scroll labelled ZEMARR BILYTOI for 22 gold pieces
  2696 | D:4      | Bought a scroll labelled EKAIQI UXIHI for 22 gold pieces
  2722 | D:4      | Found a transporter.
  2788 | D:4      | Found a transporter.
  2829 | D:4      | Reached skill level 5 in Fighting
  2888 | D:4      | Reached XP level 6. HP: 18/56 MP: 5/5
  2983 | D:4      | Found a glowing drain.
  2991 | Sewer    | Entered a sewer
  3421 | Sewer    | Reached skill level 7 in Axes
  4241 | D:4      | Noticed RascalDebosk's ghost (amateur DjCj)
  4296 | D:4      | Reached XP level 7. HP: 59/62 MP: 6/6
  4552 | D:4      | Paralysed by a gnoll for 5 turns
  5542 | D:4      | Killed RascalDebosk's ghost
  5766 | D:4      | Identified a scroll of acquirement
  5775 | D:4      | Acquired a manual of Fighting
  5779 | D:5      | Entered Level 5 of the Dungeon
  5788 | D:5      | Reached skill level 8 in Axes
  6112 | D:5      | Reached skill level 5 in Armour
  6377 | D:5      | Noticed Pikel
  6389 | D:5      | Killed Pikel
  6390 | D:5      | Reached skill level 9 in Axes
  6390 | D:5      | Reached XP level 8. HP: 18/74 MP: 7/7
  7123 | D:6      | Noticed Blork the orc
  7124 | D:6      | Noticed Dowan
  7148 | D:6      | Killed Dowan
  7176 | D:6      | Noticed Duvessa
  7192 | D:6      | Killed Duvessa
  7193 | D:6      | Reached skill level 10 in Axes
  7537 | D:6      | Noticed Blork
  7537 | D:6      | Blork the orc changed into Blork the scorpion
  7549 | D:6      | Noticed Blork
  7549 | D:6      | Blork the scorpion changed into Blork the ice beast
  7552 | D:6      | Found a shimmering blue altar of Sif Muna.
  7565 | D:6      | Killed Blork the ice beast
  7610 | D:6      | Found a staircase to the Ecumenical Temple.
  7685 | D:6      | Noticed Eustachio
  7700 | D:6      | Killed Eustachio
  7701 | D:6      | Reached XP level 9. HP: 84/84 MP: 8/8
  7767 | D:6      | Found a sparkling altar of Nemelex Xobeh.
  7773 | D:6      | Noticed Menkaure
  7779 | D:6      | Killed Menkaure
  7780 | D:6      | Reached skill level 11 in Axes
  7835 | D:6      | Reached skill level 10 in Fighting
  8252 | Temple   | Entered the Ecumenical Temple
  8267 | Temple   | Became a worshipper of Hepliaklqana the Forgotten
  8267 | Temple   | Reached * piety under Hepliaklqana
  8267 | Temple   | Reached ** piety under Hepliaklqana
  8268 | Temple   | Remembered your ancestor Yolonda as a hexer
  8379 | D:6      | Found an ancient bone altar of Kikubaaqudgha.
  8933 | D:7      | Found a hide-covered altar of Uskayaw.
  9346 | D:7      | Reached skill level 10 in Armour
  9473 | D:7      | Reached skill level 12 in Axes
  9503 | D:7      | Noticed Joseph
  9510 | D:7      | Killed Joseph
  9647 | D:7      | Reached XP level 10. HP: 73/87 MP: 9/9
  9658 | D:7      | Reached skill level 13 in Axes
  9665 | D:7      | Found the +5 robe of Night {Dark Will+ SInv}
  9846 | D:8      | Found a bloodstained altar of Trog.
  9878 | D:8      | Noticed Maurice
  9889 | D:8      | Killed Maurice
 10087 | D:8      | Noticed a two-headed ogre
 10094 | D:8      | Killed a two-headed ogre
 10356 | D:8      | Found a shimmering altar of Xom.
 10566 | D:8      | Reached *** piety under Hepliaklqana
 10747 | D:8      | Found a glowing golden altar of the Shining One.
 10879 | D:8      | Reached skill level 14 in Axes
 11236 | D:9      | Noticed a two-headed ogre
 11415 | D:9      | Found a staircase to the Orcish Mines.
 11840 | D:9      | Found a blossoming altar of Fedhas.
 11947 | D:9      | Reached XP level 11. HP: 73/97 MP: 10/10
 12454 | D:10     | Entered Level 10 of the Dungeon
 12547 | D:10     | Reached **** piety under Hepliaklqana
 12763 | D:10     | Found a burning altar of Makhleb.
 12871 | D:10     | Reached skill level 15 in Axes
 13469 | D:10     | Found an ornate altar of the Wu Jian Council.
 13585 | D:11     | Noticed a death yak
 13586 | D:11     | Noticed a death yak
 13592 | D:11     | Noticed a death yak
 13592 | D:11     | Killed a death yak
 13596 | D:11     | Killed a death yak
 13601 | D:11     | Reached skill level 15 in Fighting
 13605 | D:11     | Killed a death yak
 13623 | D:11     | Found a staircase to the Lair.
 13781 | D:11     | Reached skill level 16 in Axes
 13864 | D:11     | Noticed a two-headed ogre
 13869 | D:11     | Killed a two-headed ogre
 13870 | D:11     | Reached skill level 15 in Armour
 14029 | D:11     | Noticed a two-headed ogre
 14036 | D:11     | Killed a two-headed ogre
 14340 | D:12     | Noticed a two-headed ogre
 14349 | D:12     | Killed a two-headed ogre
 14711 | D:12     | Reached XP level 12. HP: 100/109 MP: 11/11
 14833 | D:12     | Reached skill level 17 in Axes
 14838 | D:12     | Noticed a tengu warrior
 14847 | D:12     | Killed a tengu warrior
 15479 | D:12     | Reached ***** piety under Hepliaklqana
 15778 | D:12     | Found Ryc Zac's General Store.
 15787 | D:12     | Bought a potion of might for 68 gold pieces
 15787 | D:12     | Bought a scroll of enchant weapon for 127 gold pieces
 16052 | D:13     | Noticed a centaur warrior
 16064 | D:13     | Killed a centaur warrior
 16067 | D:13     | Noticed a tengu warrior
 16074 | D:13     | Killed a tengu warrior
 16075 | D:13     | Reached skill level 18 in Axes
 16150 | D:13     | Noticed Snorg
 16156 | D:13     | Killed Snorg
 16391 | D:13     | Noticed a five-headed hydra
 16401 | D:13     | Killed a one-headed hydra
 16550 | D:13     | Noticed Urug
 16564 | D:13     | Killed Urug
 16691 | D:13     | Noticed an eight-headed hydra
 16697 | D:13     | Killed a five-headed hydra
 16783 | D:13     | Noticed a centaur warrior
 16789 | D:13     | Killed a centaur warrior
 16790 | D:13     | Reached XP level 13. HP: 85/120 MP: 12/12
 17025 | D:13     | Found Geag's Distillery.
 17030 | D:13     | Bought a potion of resistance for 160 gold pieces
 17030 | D:13     | Bought a potion of flight for 48 gold pieces
 17030 | D:13     | Bought a potion of heal wounds for 80 gold pieces
 17071 | D:13     | Noticed Josephine
 17078 | D:13     | Killed Josephine
 17478 | D:14     | Noticed Louise
 17503 | D:14     | Reached skill level 19 in Axes
 17812 | D:14     | Killed Louise
 18427 | D:14     | Found a gate to the Vaults.
 19077 | D:15     | Entered Level 15 of the Dungeon
 19154 | D:15     | Found a portal to a secret trove of treasure.
 19272 | D:15     | Found a staircase to the Depths.
 19288 | D:15     | Reached skill level 20 in Axes
 19829 | D:15     | Reached XP level 14. HP: 111/129 MP: 13/13
 20097 | D:15     | Found a broken altar of Ashenzari.
 20727 | Lair:1   | Entered Level 1 of the Lair of Beasts
 20749 | Lair:1   | Noticed Nergalle
 20755 | Lair:1   | Killed Nergalle
 20840 | Lair:1   | Reached skill level 21 in Axes
 21344 | Lair:1   | Noticed Erica
 21350 | Lair:1   | Killed Erica
 22183 | Lair:2   | Identified the +0 robe of True Grit {rElec}
 22251 | Lair:2   | Found a hole to the Spider Nest.
 22455 | Lair:2   | Reached skill level 22 in Axes
 23142 | Lair:3   | Reached XP level 15. HP: 139/139 MP: 14/14
 23378 | Lair:3   | Noticed Fannar
 23387 | Lair:3   | Killed Fannar
 23726 | Lair:3   | Found a staircase to the Shoals.
 24137 | Lair:4   | Reached ****** piety under Hepliaklqana
 24288 | Lair:4   | Found a viscous altar of Jiyva.
 24288 | Lair:4   | Found a staircase to the Slime Pits.
 24722 | Lair:5   | Entered Level 5 of the Lair of Beasts
 24734 | Lair:5   | Identified the ring of Wonder {Ice Will+ Int+6 Dex+3}
 25745 | Lair:5   | Reached skill level 23 in Axes
 25875 | Lair:5   | Acquired the +1 pair of boots "Yfisec" {Harm rPois rF++
                  | Stlth-}
 26203 | Orc:1    | Entered Level 1 of the Orcish Mines
 26649 | Orc:2    | Entered Level 2 of the Orcish Mines
 27812 | Orc:2    | Found Cilea's Assorted Antiques.
 27815 | Orc:2    | Found Duheblu's Armour Shop.
 27816 | Orc:2    | Found Qutryecu's Antique Armour Shop.
 27817 | Orc:2    | Found Pamm's Antique Armour Boutique.
 27821 | Orc:2    | Bought the +1 pair of gloves of Polytheism {rN+} for 289
                  | gold pieces
 27834 | Orc:2    | Bought an embroidered cloak for 180 gold pieces
 27834 | Orc:2    | Bought a pair of runed gloves for 180 gold pieces
 28139 | Orc:2    | Found a staircase to the Elven Halls.
 28494 | Spider:1 | Entered Level 1 of the Spider Nest
 28528 | Spider:1 | Noticed Jorgrun
 28534 | Spider:1 | Killed Jorgrun
 28880 | Spider:1 | Reached XP level 16. HP: 137/148 MP: 15/15
 29321 | Spider:2 | Reached skill level 24 in Axes
 30971 | Spider:3 | Reached skill level 25 in Axes
 31530 | Spider:4 | Entered Level 4 of the Spider Nest
 31993 | Spider:4 | Reached XP level 17. HP: 158/158 MP: 16/16
 32821 | Spider:4 | Got a gossamer rune of Zot
 33347 | Shoals:1 | Entered Level 1 of the Shoals
 33355 | Shoals:1 | Reached skill level 26 in Axes
 33547 | Shoals:1 | Found Raythar's Retail Resort.
 33569 | Shoals:1 | Bought an amulet of reflection for 330 gold pieces
 33936 | Shoals:1 | Acquired 568 gold pieces
 36289 | Shoals:3 | Reached XP level 18. HP: 168/168 MP: 17/17
 36362 | Shoals:3 | Reached skill level 27 in Axes
 36597 | Shoals:3 | Noticed Ilsuiw
 36629 | Shoals:3 | Killed Ilsuiw
 36940 | Shoals:4 | Entered Level 4 of the Shoals
 37552 | Shoals:4 | Found the +8 whip "Snakebite" {venom, curare, rPois}
 37763 | Shoals:4 | Got a barnacled rune of Zot
 39240 | Vaults:1 | Entered Level 1 of the Vaults
 39655 | Vaults:1 | Noticed Nikola
 39669 | Vaults:1 | Killed Nikola
 40004 | Vaults:1 | Found Jainoik's Magic Scroll Shop.
 40014 | Vaults:1 | Bought a scroll of acquirement for 572 gold pieces
 40014 | Vaults:1 | Acquired 601 gold pieces
 40462 | Vaults:1 | Noticed Asterion
 40474 | Vaults:1 | Killed Asterion
 41085 | Vaults:1 | Reached skill level 1 in Shields
 41523 | Vaults:2 | Reached XP level 19. HP: 90/178 MP: 18/18
 41586 | Vaults:2 | Reached skill level 5 in Shields
 41597 | Vaults:2 | Found a crumbling gateway.
 41606 | Desolati | Entered the Desolation of Salt
 42095 | Desolati | Got the Codex of Algid Poisoning
 42447 | Desolati | Identified the +0 mace "Beetle's Demise" {elec, rCorr
                  | Int+6}
 42465 | Desolati | Identified the +1 robe "Vimipenn" {+Blink rPois}
 42506 | Desolati | Got the Atlas of Striking and Hoarfrost
 42623 | Desolati | Identified the +1 broad axe "Wuad Tuewo" {spect, Str-5
                  | Dex+6}
 43102 | Desolati | Got the Encyclopedia of Enthralling Vapour
 43266 | Desolati | Identified the ring "Woysch" {Fly Str+6}
 43780 | Desolati | Identified the +12 giant club of the Old World {spect,
                  | *Slow Dex+8 Stlth+}
 43970 | Desolati | Reached skill level 10 in Shields
 44024 | Desolati | Identified the ring of Gaapeico {Fly rElec rPois}
 44968 | Vaults:2 | Identified the +5 long sword of the Inferno {vamp, rF+ rN+
                  | Int+5}
 44974 | Vaults:2 | Noticed Frederick
 44985 | Vaults:2 | Killed Frederick
 44996 | Vaults:2 | Reached XP level 20. HP: 151/189 MP: 19/19
 47443 | Vaults:3 | Found a staircase to the Crypt.
 47879 | Vaults:3 | Found Dihogro's Book Emporium.
 48355 | Orc:2    | Bought the +8 orange crystal plate armour {Archmagi, Int+3
                  | Clar} for 3034 gold pieces
 48355 | Orc:2    | Found the +8 orange crystal plate armour {Archmagi, Int+3
                  | Clar}
 49167 | Vaults:4 | Reached skill level 15 in Shields
 49340 | Vaults:4 | Got the Almanac of Unstable Guile
 49346 | Vaults:4 | Paralysed by a sphinx for 4 turns
 49742 | Vaults:4 | Reached XP level 21. HP: 198/198 MP: 20/20
 50246 | Vaults:4 | Noticed a dread lich
 50274 | Vaults:4 | Killed a dread lich
 51284 | Vaults:5 | Entered Level 5 of the Vaults
 51733 | Vaults:5 | Killed from afar by a shadow dragon

Illustrated notes

Levels and vault maps discovered:
D:1:      matt_arrival_diagonals, layout_loops_corners, minmay_stone_trees_small
D:2:      layout_basic, shapermc_ecumenical_altar_rom_forum
D:3:      minmay_diamond_boxcup, layout_basic, minmay_crystal_water,
          minmay_bisected
D:4:      layout_cave_pools, serial_shops, kennysheep_little_box,
          gammafunk_ghost_gnarly_gnolls, lightli_sewer_entry_pipes,
          amcnicky_mini_corridor_feature
D:5:      layout_layer_cave, uniq_pikel
D:6:      layout_gridville, tgw_sif, minmay_temple_entry_waves, st_stairs_12,
          hangedman_feature_mirror, uniq_duvessa, uniq_menkaure, uniq_eustachio
D:7:      layout_loops_cross, overflow_temple_1_default,
          hellmonk_guarded_unrand_night, uniq_joseph
D:8:      layout_basic, tso_oasis_becter, xom_teletrap_fun, trog_butcher_becter,
          uniq_maurice
D:9:      layout_loops_ring, fedhas_altar_1, erik_orc_2, st_stairs_2,
          kennysheep_generic_room_4
D:10:     cheibrodos_barr_body, layout_rooms, nzn_wu_jian_council_hall,
          kennysheep_mini
D:11:     layout_small_grid, dpeg_lair_monsters, kennysheep_big_empty_room
D:12:     layout_long_grid, serial_shops, nicolae_lakefront_shop
D:13:     layout_roguey, serial_shops, nicolae_shop_hallway_plus,
          kennysheep_generic_room_16, uniq_josephine, uniq_urug, uniq_snorg
D:14:     layout_roguey, david_vaults_2, roderic_lattice_octagonal_star,
          uniq_louise
D:15:     gammafunk_depths_entry_grave, layout_loops_ring,
          nicolae_ashenzari_panopticon, nicolae_trove_entry_path_of_doom
Temple:   eino_temple_lava
Lair:1:   layout_roguey [special_room_bee], grunt_megastairs_2, uniq_erica,
          uniq_nergalle
Lair:2:   layout_chaotic_city, spider_nest_entry_a, roderic_carrion_pond,
          grunt_megastairs_3
Lair:3:   layout_cave_pods, minmay_shoals_entry_beasts, uniq_fannar
Lair:4:   layout_small_grid, slime_entry_1
Lair:5:   grunt_lair_end_beastmaster, layout_gridlike,
          chequers_serial_rivers_small_b
Shoals:1: layout_shoals, nicolae_alphabet_shops
Shoals:2: layout_shoals
Shoals:3: layout_shoals, uniq_ilsuiw
Shoals:4: shoals_end_hangedman, layout_shoals
Spider:1: layout_spider_delve, hellmonk_deceptive_appearances, uniq_jorgrun
Spider:2: layout_spider_delve
Spider:3: layout_spider_delve, nicolae_spider_orb_run
Spider:4: hellmonk_spider_rune_endless_swarm, einodemon_crawler_minivault
Orc:1:    layout_diamond_mine, nicolae_orc_flooded_monolith
Orc:2:    st_orc_pillars, layout_caves, nooodl_orcs_dogs
Vaults:1: vaults_dpeg_hooks, hangedman_vaults_trim, vaults_room_pools,
          vaults_dpeg_encased_lava, dpeg_vaults_monster_row, vaults_dpeg_ring,
          layout_vaults_omnigrid, serial_shops, nicolae_lakefront_shop,
          uniq_nikola, uniq_asterion
Vaults:2: portal_desolation_entry_nicolae_slug, st_diamondy,
          vaults_mumra_chevron, nicolae_vaults_little_squares_3,
          nicolae_vaults_stairing_the_circle, v_misc_24,
          nicolae_vaults_big_angled_halls, hangedman_vaults_snaps,
          nicolae_vaults_circle_grid_a, v_misc_18, v_misc_13, v_misc_3,
          nicolae_vaults_mini_display_case, layout_vaults_omnicross,
          serial_shops, uniq_frederick
Vaults:3: ontoclasm_vaults_twist, nicolae_vaults_alarming, vaults_dpeg_spiral,
          v_alt_pattern_3, vaults_room_semicircle, v_alt_pattern_2,
          minmay_crypt_entry_simple_round, nicolae_vaults_little_squares_5,
          nicolae_vaults_circle_grid_b, ontoclasm_vaults_shuriken,
          hangedman_vaults_capsules, v_misc_13, v_pattern_2,
          vaults_dpeg_diagonal, layout_vaults_ring, serial_shops, shop_fountains
Vaults:4: v_misc_12, v_misc_8, nicolae_vaults_specimen_jars,
          nicolae_vaults_asterisk, nicolae_vaults_disjoint_gnomons,
          dpeg_vaults_waves, hangedman_vaults_stagger, v_pattern_5,
          ontoclasm_vaults_ring_small, nicolae_vaults_shelves_hall,
          grunt_vaults_hallway_short, layout_vaults_chaotic_city
Vaults:5

Skill      XL: |  1  2  3  4  5  6  7  8  9 10 11 12 13 14 15 16 17 18 19 20 21 |
---------------+----------------------------------------------------------------+-----
Axes           | 4 5 6 7 9 10 12 14 16 18 20 22 23 25 26 27 | 27.0
Armour         | 1 2 3 4 6 8 11 13 15 16 18 19 20 21 22 23 24 25 26 | 26.0
Fighting       | 4 5 8 9 11 13 16 17 18 19 20 21 22 24 25 26 | 26.5
Shields        | 3 11 15 17 | 17.4
Dodging        | |  3.2
Stealth        | |  1.5

Action                   |  1- 3 |  4- 6 |  7- 9 | 10-12 | 13-15 | 16-18 | 19-21 || total
-------------------------+-------+-------+-------+-------+-------+-------+-------++-------
Melee: Hand axe          |    26 |       |       |       |       |       |       ||    26
       Headbutt          |    12 |    20 |    48 |    87 |   192 |   192 |   213 ||   764
       War axe           |    57 |   204 |   240 |       |       |       |       ||   501
       Punch             |       |     5 |     5 |       |       |       |       ||    10
       Unarmed           |       |       |     2 |       |       |       |       ||     2
       Battleaxe         |       |       |    16 |   361 |   857 |   916 |       ||  2150
       Broad axe         |       |       |       |       |       |    50 |   767 ||   817
Invok: Ancestor Life: He |       |       |     1 |       |       |       |       ||     1
       Ancestor Identity |       |       |     1 |       |       |       |       ||     1
       Transference      |       |       |       |     3 |     1 |       |       ||     4
       Recall Ancestor   |       |       |       |     1 |       |     1 |     2 ||     4
Evoke: Wand              |       |       |     6 |       |     2 |       |       ||     8
  Use: Scroll            |       |     2 |     6 |    13 |    10 |     6 |       ||    37
       Potion            |       |       |     3 |     1 |     2 |     5 |     1 ||    12
 Stab: Sleeping          |     4 |       |       |       |       |       |       ||     4
       Confused          |       |       |     1 |     8 |    24 |    19 |    43 ||    95
       Distracted        |       |       |       |     8 |    16 |    19 |     9 ||    52
       Paralysed         |       |       |       |       |    27 |    64 |    64 ||   155
       Petrifying        |       |       |       |       |     1 |       |       ||     1
       Invisible         |       |       |       |       |       |     5 |       ||     5
Armor: Robe              |    12 |       |       |       |       |       |       ||    12
       Scale mail        |    37 |   103 |    95 |       |       |       |       ||   235
       Pearl dragon scal |       |       |    56 |   184 |    14 |       |       ||   254
       Plate armour      |       |       |       |       |   352 |   645 |   199 ||  1196
       Crystal plate arm |       |       |       |       |       |       |   104 ||   104
Dodge: Dodged            |    45 |   133 |   170 |   269 |   377 |   518 |   152 ||  1664
Block: Other             |       |       |       |       |       |    83 |       ||    83
       Reflection        |       |       |       |       |       |     5 |    26 ||    31
       Kite shield       |       |       |       |       |       |    27 |   423 ||   450
       Tower shield      |       |       |       |       |       |       |    75 ||    75
